AoeStats
← wojopl31

Baltic

511038511Analyzed
2v2 RM · 10h ago on Oct 3, 2026· 40m 31s· 4 players
Game mode
Random Map
Map size
Medium (4 player)
Population
200
Speed
Normal
Resources
Standard
Victory
Conquest
Starting age
Dark Age
Ending age
Imperial Age
RankedLock teamsTeams togetherTeam positionsShared explorationLock speedFull tech treeHidden civsTurbo modeCheats
Victory
Defeat
🇵🇱 Bohemians · Poland
929
+14
🇵🇱 Armenians · Poland
805
+19
🇨🇭 Vietnamese · Switzerland
917
-18
🇺🇸 Magyars · United States
847
-15
wojopl31
7:55 Loom
11:19 Feudal Age
14:04 Wheelbarrow
13:16 Double-Bit Axe
13:17 Fishing Lines
18:12 Castle Age
21:06 Horse Collar
21:37 Bow Saw
28:00 Imperial Age
26:39 Fletching
27:19 Bodkin Arrow
27:26 Padded Archer Armor
30:09 Capped Ram
32:52 Chemistry
32:13 Ballistics
35:04 Elite Hussite Wagon
37:20 Bracer
37:36 Leather Archer Armor
40:25 Hand Cart
39:55 Town Watch
DobryPablo
12:44 Feudal Age
13:57 Double-Bit Axe
16:31 Stone Mining
16:05 Man-at-Arms
17:00 Gold Mining
25:40 Horse Collar
30:10 Long Swordsman
33:50 Wheelbarrow
36:59 Castle Age
36:40 Padded Archer Armor
36:31 Fletching
38:30 Elite Skirmisher
39:13 Bodkin Arrow
39:33 Leather Archer Armor
40:23 Hand Cart
spachtel
4:15 Loom
11:46 Feudal Age
12:17 Double-Bit Axe
14:59 Fletching
18:03 Castle Age
16:23 Gold Mining
16:44 Horse Collar
17:50 Padded Archer Armor
19:06 Bow Saw
23:19 Wheelbarrow
22:33 Town Watch
23:45 Ballistics
24:12 Crossbowman
24:58 Stone Mining
26:04 Hand Cart
26:13 Thumb Ring
26:42 Leather Archer Armor
27:40 Bodkin Arrow
30:19 Fishing Lines
32:36 Medium Warships
33:22 Town Patrol
33:49 Masonry
33:54 Careening
33:58 Clinker Construction
38:30 Imperial Age
39:47 Ring Archer Armor
39:17 Bracer
40:10 Hoardings
42:10 Two-Man Saw
Shnapd
6:58 Loom
11:20 Feudal Age
13:29 Double-Bit Axe
14:24 Gold Mining
14:27 Horse Collar
18:06 Castle Age
18:02 Wheelbarrow
20:08 Medium Warships
19:44 Light Cavalry
20:35 Bloodlines
22:02 Hand Cart
23:19 Fletching
24:37 Stone Mining
27:29 Bodkin Arrow
32:56 Scale Barding Armor
34:07 Husbandry
34:29 Chain Barding Armor
34:52 Corvinian Army
40:26 Bow Saw
Connection lost

Rejoining the realm…

Still unreachable

The connection could not be restored.

Session expired

The server has moved on; the page needs a fresh start.